Map: Gresvan LE

Players

Impeccable - Winner!

  • Race: Zerg Zerg
  • League: Platinum
  • Spawn Location: 5:00

Vreal

  • Race: Terran Terran
  • League: Platinum
  • Spawn Location: 11:00

VOD

Have the link to the VOD?

Description

skadoosh

Time

  • Played on: March 13, 2023, 1:38 p.m.
  • Length: 12:54
Show
View Real Time Build Order
Export as new Build Order

Impeccable Zerg - Winner!

Build Orders: Hatch First 

Get SALT Encoding   

  12  0:00  Drone  
  13  0:10  Drone  
  14  0:17  Overlord  
  14  0:27  Extractor, Drone  
  15  0:47  Hatchery  
  14  0:54  Drone x2  
  16  0:59  Extractor  
  16  1:04  Drone  
  16  1:07  Drone  
  17  1:18  Spawning Pool  
  16  1:28  Drone x2  
  18  1:49  Drone  
  19  1:55  Drone  
  19  1:59  Overlord  
  20  2:06  Metabolic Boost  
  20  2:13  Extractor  
  20  2:14  Queen x2  
  23  2:21  Drone x3  
  26  2:25  Drone  
  26  2:28  Drone  
  28  2:56  Zergling x2  
  28  2:57  Zergling x10  
  34  3:13  Drone x2  
  36  3:24  Overlord x2  
  36  3:31  Lair  
  36  3:36  Spine Crawler  
  35  3:54  Drone x2  
  35  3:55  Drone x4  
  40  4:06  Drone x2  
  42  4:10  Extractor  
  41  4:19  Hatchery, Roach Warren  
  41  4:22  Drone x2  
  39  4:39  Drone x2  
  39  4:40  Drone x2  
  40  4:48  Queen  
  42  5:01  Roach  
  42  5:02  Roach x4  
  42  5:03  Overlord x2  
  42  5:04  Overlord  
  52  5:12  Glial Reconstitution  
  52  5:34  Drone x5  
  57  5:47  Roach x9  
  75  5:53  Drone  
  75  5:54  Drone  
  77  5:57  Extractor  
  76  6:05  Drone x4  
  80  6:17  Roach  
  82  6:19  Overlord x3  
  82  6:33  Hatchery  
  82  6:34  Roach Warren  
  81  6:40  Evolution Chamber  
  81  6:41  Evolution Chamber  
  81  6:42  Drone x3  
  81  6:43  Drone x2  
  84  6:54  Overlord  
  84  6:55  Overlord x2  
  84  7:07  Roach x3  
  84  7:08  Roach x5  
  88  7:13  Zerg Missile Weapons Level 1, Zerg Ground Armor Level 1  
  86  7:21  Spire  
  86  7:22  Spore Crawler  
  80  7:25  Spore Crawler  
  80  7:26  Spore Crawler, Drone x4  
  80  7:27  Drone x4  
  76  7:44  Ravager x6  
  76  7:45  Ravager x3  
  85  7:55  Queen  
  87  7:59  Drone  
  87  8:00  Drone x10  
  87  8:04  Extractor  
  87  8:05  Extractor  
  96  8:06  Spore Crawler  
  96  8:10  Extractor  
  96  8:11  Extractor  
  93  8:30  Roach x6  
  93  8:31  Roach x10  
  122  8:54  Drone x3  
  122  8:55  Drone x3  
  128  8:59  Overlord  
  128  9:00  Overlord x2  
  128  9:13  Zerg Missile Weapons Level 2  
  128  9:14  Zerg Ground Armor Level 2  
  128  9:19  Drone x4  
  128  9:20  Drone x2  
  134  9:58  Overlord x4  
  134  9:59  Overlord x2  
  134  10:07  Overseer x2  
  134  10:19  Queen  
  136  10:22  Mutalisk x8  
  136  10:23  Mutalisk  
  136  10:26  Zergling x14  
  136  10:27  Zergling x6  
  164  10:30  Overlord  
  164  10:59  Mutalisk x6  
  164  11:00  Mutalisk  
  164  11:01  Zergling x18  
  187  11:13  Drone x4  
  191  12:10  Mutalisk x4  
Show
View Real Time Build Order
Export as new Build Order

Vreal Terran 

Build Orders: Reaper Expand 

Get SALT Encoding   

  12  0:00  SCV  
  13  0:12  SCV  
  14  0:17  Supply Depot  
  14  0:24  SCV  
  15  0:38  SCV  
  15  0:39  Barracks  
  16  0:45  Refinery  
  16  0:50  SCV  
  17  1:03  SCV  
  18  1:16  SCV  
  19  1:29  Reaper  
  19  1:30  Orbital Command  
  20  1:48  Command Center  
  20  1:51  Supply Depot  
  20  1:58  SCV  
  21  2:03  Marine  
  22  2:10  Factory  
  22  2:16  SCV  
  23  2:28  SCV  
  24  2:30  Bunker  
  24  2:33  Refinery  
  24  3:02  Barracks Reactor  
  24  3:03  SCV  
  25  3:10  Orbital Command  
  25  3:15  SCV  
  26  3:21  Supply Depot  
  26  3:25  Hellion  
  26  3:26  Starport  
  27  3:46  Marine  
  27  3:47  Marine  
  29  3:57  Orbital Command  
  28  4:12  Medivac  
  28  4:16  Hellion x2  
  32  4:36  Marine  
  30  4:41  Hellion x2  
  29  4:48  SCV x2  
  31  4:54  Marine  
  31  4:56  Starport Tech Lab  
  32  5:00  Barracks  
  32  5:03  SCV x2  
  34  5:16  SCV x2  
  37  5:25  Barracks Reactor  
  36  5:45  Banshee  
  36  5:47  Hellion  
  36  5:48  Hellion, Barracks Tech Lab  
  36  5:49  Barracks  
  43  5:50  SCV x2  
  45  5:59  Engineering Bay  
  45  6:01  Armory  
  45  6:02  SCV  
  46  6:12  Supply Depot  
  46  6:14  Marauder, Marine x2, SCV x2, Supply Depot  
  52  6:22  Stimpack  
  52  6:28  Banshee  
  52  6:30  SCV x2  
  57  6:34  Refinery  
  57  6:35  Refinery  
  57  6:36  Marauder  
  59  6:57  SCV x2  
  55  7:08  Marauder, Barracks Tech Lab  
  45  7:09  Marine x2  
  45  7:11  Banshee  
  41  7:27  Marine x2  
  41  7:29  Marauder x2  
  43  7:38  Terran Vehicle Weapons Level 1  
  43  7:39  Terran Infantry Weapons Level 1  
  43  7:40  Barracks  
  43  7:45  SCV x2  
  43  7:50  Marine x2  
  47  7:53  Factory Tech Lab  
  47  7:57  Marauder  
  47  7:58  Marauder  
  51  8:07  Marine  
  51  8:08  Marine  
  51  8:11  Infernal Pre-Igniter  
  51  8:12  Hellion  
  50  8:51  Marauder x2, Marine x2  
  50  8:54  Banshee  
  59  9:00  SCV x2  
  59  9:01  Starport  
  61  9:09  Marine  
  62  9:12  SCV x2  
  62  9:14  Marine x2  
  66  9:20  Combat Shield  
  66  9:21  Concussive Shells  
  66  9:24  SCV  
  66  9:27  Siege Tank  
  70  9:35  Factory  
  70  9:37  SCV x2  
  72  9:49  SCV x2  
  72  9:52  Marine x2  
  76  9:53  Marauder  
  76  9:56  Starport Reactor  
  76  9:59  Supply Depot  
  78  10:01  Terran Vehicle And Ship Armor Level 1  
  78  10:02  Terran Infantry Armor Level 1, Supply Depot  
  78  10:14  SCV x2, Siege Tank  
  78  10:15  Marauder  
  85  10:25  Marauder, Marine  
  85  10:26  Marine  
  89  10:36  Marauder, Command Center, Supply Depot  
  89  10:42  SCV x2  
  93  10:43  Marine x2  
  93  10:45  Factory Tech Lab  
  93  10:46  Medivac  
  93  10:49  Medivac  
  99  10:54  SCV  
  99  10:56  Raven  
  102  11:14  Marauder x2, Marine x2  
  108  11:36  Raven  
  110  11:48  Marauder, Medivac x2, SCV x2, Marine x2  
  119  12:01  Orbital Command  
  119  12:04  Marine  
  119  12:08  SCV x2  
  122  12:23  Refinery, Supply Depot  
  122  12:25  Refinery  
Tags
 
Add a new tag
Caveats
  • Supply blocks, unpowered buildings, or Contaminate may cause inaccurate times.
  • Supply counts are checked every 10 seconds.